 Dungeon Crawl Stone Soup version 0.23.2-33-g5129a83184 (webtiles) character file.

Game seed: 11729663637943128396

3783 Unfit0815 the Blocker (level 10, -2/78 HPs)
             Began as a Hill Orc Fighter on July 25, 2019.
             Slain by an orc warrior
             ... wielding a +0 glaive
              (3 damage)
             ... on level 7 of the Dungeon.
             The game lasted 00:35:22 (5897 turns).

Unfit0815 the Blocker (Hill Orc Fighter)            Turns: 5897, Time: 00:35:23

Health: -2/78      AC: 10    Str: 21    XL:     10   Next: 16%
Magic:  12/12      EV:  9    Int: 10    God:
Gold:   277        SH: 12    Dex: 10    Spells: 9/9 levels left

rFire    + . .     SeeInvis +   a - +0 war axe
rCold    x . .     Gourm    .   c - +0 shield
rNeg     . . .     Faith    .   b - +0 scale mail
rPois    .         Spirit   .   i - +0 hat {SInv}
rElec    .         Reflect  .   p - +2 cloak
rCorr    .         Harm     +   (no gloves)
MR       .....                  (no boots)
Stlth    ..........             r - amulet of harm
HPRegen  0.23/turn              B - ring of fire
MPRegen  0.13/turn              (no ring)

@: no status effects
A: no striking features
a: no special abilities


You were on level 7 of the Dungeon.
You were not hungry.

You visited 1 branch of the dungeon, and saw 7 of its levels.

You collected 277 gold pieces.

Inventory:

Hand Weapons
 a - a +0 war axe (weapon)
Missiles
 u - 2 throwing nets (quivered)
Armour
 b - a +0 scale mail (worn)
 c - a +0 shield (worn)
 g - a +0 large shield
 i - a +0 hat of see invisible (worn)
 p - a +2 cloak (worn)
Jewellery
 r - an amulet of harm (around neck)
 B - a ring of fire (left hand)
Wands
 s - a wand of acid (14)
 C - a wand of disintegration (2)
Scrolls
 h - a scroll of teleportation
 j - a scroll of blinking
 k - a scroll of identify
 l - 2 scrolls of fear
 n - 3 scrolls of enchant weapon
 v - 2 scrolls of remove curse
 w - 2 scrolls of enchant armour {unknown}
 x - a scroll of amnesia {unknown}
 y - a scroll of silence {unknown}
Potions
 d - a potion of degeneration {unknown}
 m - 2 potions of flight
 t - a potion of haste {unknown}
 z - a potion of berserk rage {unknown}
 A - 2 potions of lignification {unknown}
Comestibles
 f - 12 rations


   Skills:
 - Level 3.9 Fighting
 + Level 11.3 Axes
 - Level 3.4 Armour
 * Level 11.8 Shields
 + Level 3.7 Evocations


You had 9 spell levels left.
You didn't know any spells.
Your spell library contained the following spells:

 Spells                   Type           Power        Failure   Level  Hunger
 Corona                   Hex            #......      83%         1    ##.....
 Ensorcelled Hibernation  Hex/Ice        #.....       93%         2    ###....
 Confuse                  Hex            #.......     99%         3    ####...
 Dazzling Spray           Conj/Hex       #.....       99%         3    ####...
 Tukima's Dance           Hex            #.......     99%         3    ####...


Dungeon Overview and Level Annotations

Branches:
Dungeon (7/15)             Temple (0/1) D:5

Altars:
Fedhas
Okawaru


Message History

The orc warrior is moderately wounded.
The orc warrior barely misses you.
You slash the orc warrior!
The orc warrior is severely wounded.
The orc warrior hits you with a +0 glaive!!
* * * LOW HITPOINT WARNING * * *
You hit the orc warrior.
The orc warrior is almost dead.
The orc wizard gestures at you while chanting.
The magic dart hits you!
* * * LOW HITPOINT WARNING * * *
You hit the orc warrior but do no damage.
The orc warrior is almost dead.
The orc warrior hits you with a +0 glaive.
* * * LOW HITPOINT WARNING * * *
You hit the orc warrior but do no damage.
The orc warrior is almost dead.
You closely miss the orc wizard.
The orc warrior hits you with a +0 glaive.
You die...

#..#......>...
.#..........)....
.................
...............$.
................. .
#.............. #.
##............. ##.#
#.......o......
....##...)%)@o......
#.........(†.$......
#........†...)....
#....†............
###..††.##>.......
#....<........##.
........##.####...#
#....#.## ## #...
##..... ..#


You could see an orc warrior and an orc wizard.

Vanquished Creatures
  Joseph (D:7)
  Prince Ribbit (D:5)
  A hippogriff (D:5)
  Grinder (D:5)
  Sigmund (D:2)
  2 water moccasins
  An ice beast (D:7)
  3 ogres
  2 centaurs (D:6)
  4 bullfrogs
  2 scorpions
  5 killer bees (D:7)
  9 wights (D:6)
  5 howler monkeys
  An electric eel (D:6)
  A crimson imp (D:5)
  2 hounds
  An orc priest (D:6)
  3 iguanas
  Natasha (thrice) (D:4)
  7 orc wizards
  A worker ant (D:6)
  A hound zombie (D:7)
  2 hound skeletons
  A worker ant zombie (D:7)
  A howler monkey zombie (D:6)
  Robin (D:4)
  4 gnolls (D:3)
  6 adders
  5 river rats (D:4)
  2 shadow imps (D:6)
  5 adder skeletons
  5 worms (D:4)
  5 dart slugs
  A leopard gecko (D:4)
  17 orcs
  6 bats
  2 giant cockroaches
  7 goblins (D:4)
  9 hobgoblins
  12 jackals
  2 quokkas
  3 ball pythons
  3 frilled lizards
  5 kobolds
  A quokka skeleton (D:4)
  A quokka zombie (D:5)
  10 rats
174 creatures vanquished.

Vanquished Creatures (others)
  A worker ant (D:5)
1 creature vanquished.

Grand Total: 175 creatures vanquished

Notes
Turn   | Place    | Note
-------+----------+-------------------------------------------
     0 | D:1      | Unfit0815 the Hill Orc Fighter began the quest for the Orb.
     0 | D:1      | Reached XP level 1. HP: 19/19 MP: 1/1
    92 | D:1      | Reached XP level 2. HP: 19/27 MP: 2/2
   676 | D:1      | Reached XP level 3. HP: 31/33 MP: 3/3
   906 | D:2      | Found an iron altar of Okawaru.
   967 | D:2      | Noticed Sigmund
   980 | D:2      | Killed Sigmund
   980 | D:2      | Reached skill level 5 in Axes
   980 | D:2      | Reached skill level 5 in Shields
   980 | D:2      | Reached XP level 4. HP: 23/40 MP: 4/4
   980 | D:2      | Reached XP level 5. HP: 26/46 MP: 5/5
  1020 | D:3      | Noticed an ogre
  1031 | D:3      | Killed an ogre
  1031 | D:3      | Reached XP level 6. HP: 8/52 MP: 6/6
  1535 | D:3      | Found a blossoming altar of Fedhas.
  1901 | D:4      | Reached XP level 7. HP: 55/58 MP: 7/7
  2095 | D:4      | Noticed Natasha
  2106 | D:4      | Killed Natasha
  2312 | D:4      | Noticed Robin
  2317 | D:4      | Killed Robin
  3250 | D:4      | Noticed Natasha
  3256 | D:4      | Killed Natasha
  3264 | D:4      | Noticed Natasha
  3282 | D:4      | Killed Natasha
  3282 | D:4      | Reached XP level 8. HP: 60/66 MP: 8/8
  3293 | D:5      | Entered Level 5 of the Dungeon
  3293 | D:5      | Noticed a hippogriff
  3304 | D:5      | Killed a hippogriff
  3913 | D:5      | Found a staircase to the Ecumenical Temple.
  4024 | D:5      | Noticed Prince Ribbit
  4078 | D:5      | Noticed Grinder
  4119 | D:5      | Killed Prince Ribbit
  4275 | D:5      | Killed Grinder
  4275 | D:5      | Reached XP level 9. HP: 68/71 MP: 9/9
  4414 | D:6      | Reached skill level 10 in Axes
  4439 | D:6      | Reached skill level 10 in Shields
  5125 | D:6      | Reached skill level 1 in Evocations
  5853 | D:7      | Noticed Joseph
  5859 | D:7      | Reached XP level 10. HP: 52/78 MP: 12/12
  5874 | D:7      | Killed Joseph
  5896 | D:7      | HP: 1/78 [orc warrior/+0 glaive (6)]
  5897 | D:7      | Slain by an orc warrior

Skill      XL: |  1  2  3  4  5  6  7  8  9 |
---------------+----------------------------+-----
Axes           | 3 5 6 8 9 11 | 11.3
Shields        | 5 6 7 9 11 | 11.8
Evocations     | 3 |  3.7
Fighting       | |  3.9
Armour         | |  3.4

Action                   |  1- 3 |  4- 6 |  7- 9 | 10-12 || total
-------------------------+-------+-------+-------+-------++-------
Melee: War axe           |   100 |    88 |   399 |    25 ||   612
  Use: Scroll            |       |     6 |     8 |       ||    14
       Potion            |       |       |     8 |       ||     8
 Stab: Invisible         |       |       |     1 |       ||     1
  Eat: Chunk             |       |     3 |     9 |       ||    12
       Ration            |       |       |     2 |       ||     2
Armor: Scale mail        |    56 |    35 |   128 |    15 ||   234
Dodge: Dodged            |    50 |    31 |   114 |    13 ||   208
Block: Shield            |    47 |    54 |   232 |    28 ||   361
